AoeStats
← ThePatriot

Highland

505099435Analyzed
2v2 RM · 25d ago on Sep 7, 2026· 35m 46s· 4 players
Game mode
Random Map
Map size
Medium (4 player)
Population
200
Speed
Normal
Resources
Standard
Victory
Conquest
Starting age
Dark Age
Ending age
Imperial Age
RankedLock teamsTeams togetherTeam positionsShared explorationLock speedFull tech treeHidden civsTurbo modeCheats
Victory
Defeat
🇦🇹 Aztecs · Austria
942
+15
🇺🇸 Huns · United States
855
+19
🇺🇸 Goths · United States
912
-41
🇺🇸 Armenians · United States
912
-41
ThePatriot
7:54 Loom
10:37 Feudal Age
14:38 Castle Age
13:03 Double-Bit Axe
16:56 Bow Saw
19:02 Horse Collar
19:43 Man-at-Arms
23:15 Squires
22:36 Long Swordsman
25:50 Wheelbarrow
26:50 Forging
26:40 Scale Mail Armor
26:54 Scale Mail Armor
30:35 Chain Mail Armor
30:58 Iron Casting
33:08 Hand Cart
32:56 Heavy Plow
37:52 Imperial Age
JFMoody
8:17 Loom
10:43 Feudal Age
12:01 Double-Bit Axe
12:20 Man-at-Arms
12:46 Arson
18:04 Long Swordsman
21:55 Castle Age
19:52 Horse Collar
20:06 Gold Mining
23:12 Bow Saw
25:25 Wheelbarrow
25:48 Fervor
26:00 Sanctity
25:30 Gambesons
25:45 Squires
27:02 Gold Shaft Mining
26:18 Stone Mining
26:21 Fletching
26:34 Scale Mail Armor
28:33 Elite Skirmisher
30:30 Fletching
30:41 Padded Archer Armor
anzunza2014
4:50 Loom
12:13 Feudal Age
12:47 Double-Bit Axe
18:19 Castle Age
17:04 Fletching
18:20 Padded Archer Armor
19:36 Horse Collar
20:07 Bow Saw
22:05 Bodkin Arrow
22:26 Leather Archer Armor
24:15 Wheelbarrow
25:49 Bloodlines
25:39 Husbandry
25:45 Heavy Plow
26:31 Town Watch
27:27 Masonry
29:08 Ballistics
31:24 Forging
31:20 Scale Barding Armor
33:08 Iron Casting
36:34 Imperial Age
36:02 Gold Mining
KnightHawk
11:27 Feudal Age
16:20 Castle Age
15:06 Double-Bit Axe
15:07 Horse Collar
18:19 Bow Saw
19:35 Scale Mail Armor
22:54 Squires
23:18 Forging
23:30 Arson
25:46 Wheelbarrow
24:53 Eagle Warrior
26:47 Chain Mail Armor
27:43 Hand Cart
27:53 Town Watch
29:09 Town Patrol
29:14 Gold Mining
29:14 Stone Mining
29:12 Loom
31:25 Treadmill Crane
33:00 Iron Casting
35:10 Imperial Age
35:01 Gold Shaft Mining
35:04 Stone Shaft Mining
34:34 Heavy Plow
35:52 Murder Holes
36:19 Ballistics
35:49 Heated Shot
Connection lost

Rejoining the realm…

Still unreachable

The connection could not be restored.

Session expired

The server has moved on; the page needs a fresh start.